 Dungeon Crawl Stone Soup version 0.28.0-53-g5a82cb258f (webtiles) character file.

Game seed: 4299170031306368823

4 LynnLen the Sneak (level 1, -1/13 HPs)
             Began as a Vampire Enchanter on Aug 10, 2022.
             Slain by a kobold
             ... wielding a +0 dagger
              (2 damage)
             ... on level 1 of the Dungeon.
             The game lasted 00:00:53 (212 turns).

LynnLen the Sneak (Vampire Enchanter)                Turns: 212, Time: 00:00:53

Health: -1/13      AC:  2    Str:  7    XL:     1   Next: 50%
Magic:  3/3        EV: 12    Int: 17    God:
Gold:   16         SH:  0    Dex: 14    Spells: 4/4 levels left

rFire   . . .      SeeInvis +   a - +1 dagger
rCold   . . .      Faith    .   (no shield)
rNeg    . . .      Spirit   .   b - +0 robe
rPois   .          Reflect  .   (no helmet)
rElec   .          Harm     .   (no cloak)
rCorr   .          Rampage  .   (no gloves)
Will    .....                   (no boots)
Stlth   +++.......              d - amulet of the acrobat
HPRegen 0.24/turn               (no ring)
MPRegen 0.08/turn               (no ring)

@: healing quickly
A: alive, fangs 3, see invisible, vampiric 1
a: Exsanguinate


You were on level 1 of the Dungeon.
You visited 1 branch of the dungeon, and saw 1 of its levels.

You collected 16 gold pieces.

Inventory:

Hand Weapons
 a - a +1 dagger (weapon)
Armour
 b - a +0 robe (worn)
Jewellery
 d - an amulet of the acrobat (around neck)
Scrolls
 e - a scroll of identify {unknown}
Potions
 c - a potion of invisibility


   Skills:
 * Level 1.6 Short Blades
 - Level 2.1 Dodging
 + Level 4.5 Stealth
 - Level 2.0 Spellcasting
 - Level 4.4 Hexes


You had 4 spell levels left.
You didn't know any spells.
Your spell library contained the following spells:

 Spells                   Type           Power      Damage    Failure   Level
 Confusing Touch          Hex            16%        N/A       10%         3
 Tukima's Dance           Hex            16%        N/A       10%         3
 Ensorcelled Hibernation  Hex/Ice        18%        N/A       12%         2
 Dazzling Flash           Conj/Hex       18%        N/A       24%         3


Dungeon Overview and Level Annotations

Branches:
Dungeon (1/15)

Altars:


Innate Abilities, Weirdness & Mutations

Your natural rate of healing is accelerated.
You have razor-sharp teeth.
You have supernaturally acute eyesight. (SInv)
You are afflicted with vampirism.


Message History

You hit the kobold.
The kobold is heavily wounded.
The kobold misses you.
You hit the kobold but do no damage.
The kobold is heavily wounded.
The hobgoblin hits you but does no damage.
The kobold closely misses you.
You hit the kobold but do no damage.
The kobold is heavily wounded.
The hobgoblin barely misses you. The kobold completely misses you.
You hit the kobold but do no damage.
The kobold is heavily wounded.
The hobgoblin hits you. The kobold barely misses you.
You hit the kobold but do no damage.
The kobold is heavily wounded.
The hobgoblin hits you. The kobold closely misses you.
You closely miss the kobold.
The kobold is heavily wounded.
The hobgoblin barely misses you.
You barely miss the kobold.
The kobold is heavily wounded.
The kobold hits you with a +0 dagger.
You closely miss the kobold.
The kobold is heavily wounded.
The hobgoblin hits you but does no damage.
The kobold hits you with a +0 dagger.
* * * LOW HITPOINT WARNING * * *
You barely miss the kobold. Your bite misses the kobold.
The kobold is heavily wounded.
The hobgoblin closely misses you. The kobold barely misses you.
You hit the kobold.
The kobold is severely wounded.
The hobgoblin hits you.
* * * LOW HITPOINT WARNING * * *
The kobold barely misses you.
You completely miss the kobold.
The kobold is severely wounded.
The hobgoblin hits you but does no damage.
The kobold hits you with a +0 dagger.
You die...

#. .. ...#
#..##.##..#
..#...#..#
#..._....#
#.#...#..##
###.##.##...##
#.........g..#####
#.........@K......
#..........#.#..##
#####.###### # #.#
###.#### #......#
#......#####
#...........
###).######


You could see a hobgoblin and a kobold.

Vanquished Creatures
  A ball python (D:1)
  3 kobolds (D:1)
  A rat (D:1)
5 creatures vanquished.

Notes
Turn   | Place    | Note
-------+----------+-------------------------------------------
     0 | D:1      | LynnLen the Vampire Enchanter began the quest for the Orb.
     0 | D:1      | Reached XP level 1. HP: 13/13 MP: 3/3
   192 | D:1      | Found a faded altar of an unknown god.
   212 | D:1      | Slain by a kobold

Illustrated notes

Levels and vault maps discovered:
D:1:      mrwooster_arrival_statue_3, layout_rooms,
          ebering_ecumenical_altar_box, kennysheep_minor_cross,
          minmay_misc_feat_five

Action                   || total
-------------------------++-------
Melee: Dagger            ||    33
Armor: Robe              ||     7
Dodge: Dodged            ||    21
